 Dungeon Crawl Stone Soup version 0.20.2-3-g29329e0561 (webtiles) character file.

405 Alfie the Shield-Bearer (level 6, 0/55 HPs)
             Began as a Hill Orc Fighter on Dec 6, 2023.
             Killed by nerve-wracking pain
             ... invoked by Menkaure
              (11 damage)
             ... on level 4 of the Dungeon.
             The game lasted 00:07:44 (2504 turns).

Alfie the Shield-Bearer (Hill Orc Fighter)          Turns: 2504, Time: 00:07:44

Health: 0/55       AC:  9    Str: 21    XL:     6   Next: 87%
Magic:  6/6        EV:  8    Int:  8    God:
Gold:   174        SH: 13    Dex: 10    Spells: 5/5 levels left

rFire    . . .     SeeInvis .   a - +0 rapier
rCold    . . .     Gourm    .   c - +0 shield
rNeg     . . .     Faith    .   b - +1 scale mail
rPois    .         Spirit   .   l - +0 helmet
rElec    .         Reflect  +   (no cloak)
rCorr    .         Harm     .   (no gloves)
MR       .....                  (no boots)
Stlth    ..........             h - +3 amulet of reflection
Regen    0.2/turn               (no ring)
MPRegen  0.1/turn               (no ring)

@: no status effects
A: no striking features
a: no special abilities


You were on level 4 of the Dungeon.
You were not hungry.

You visited 1 branch of the dungeon, and saw 4 of its levels.

You collected 174 gold pieces.

Inventory:

Hand Weapons
 a - a +0 rapier (weapon)
Armour
 b - a +1 scale mail (worn)
 c - a +0 shield (worn)
 l - a +0 helmet (worn)
Jewellery
 h - a +3 amulet of reflection (around neck)
 j - an uncursed ring of wizardry
Scrolls
 e - 3 scrolls of identify
 f - a scroll of remove curse
 k - a scroll of enchant weapon {unknown}
 q - a scroll of blinking {unknown}
Potions
 d - a potion of cancellation {unknown}
 g - a potion of lignification {unknown}
 m - a potion of agility
 n - a potion of degeneration
 o - a potion of haste {unknown}
 p - a potion of curing


   Skills:
 + Level 4.9 Fighting
 + Level 3.5 Short Blades
 + Level 4.6 Armour
 + Level 1.9 Dodging
 + Level 5.1 Shields


You had 5 spell levels left.
You didn't know any spells.

Dungeon Overview and Level Annotations

Branches:
Dungeon (4/15)
 Temple: D:4-7

Altars:
Nemelex Xobeh

Annotations:
D:4 Edmund, Eustachio, Menkaure


Message History

Edmund is no longer berserk.
Edmund hits you with a flail of pain.
You writhe in agony.
Menkaure, Prince of Dust comes into view.
Menkaure shouts!
The phantom blinks!
Found a scroll of identify.
Edmund looks more energetic.
Menkaure whispers drily.
You see here a scroll of identify.
e - 3 scrolls of identify (gained 1) Menkaure calls on the powers of darkness!
Your body is wracked with pain!
* * * LOW HITPOINT WARNING * * *
Edmund convulses!
The orc convulses!
You block Menkaure's attack.
You hit Menkaure.
Menkaure is lightly damaged.
Menkaure points at you and mumbles some strange words.
Pain shoots through your body!
You die...

###....#
#.......+
#......#
#.......#
#....###
#.......#
#....#
#.......#
#...o#
###>....@
#....#
###.###
#...@#
#..##
#...M#
#....
#...@#
#....
#....#
#....
#....#
##...
#....#
...
######
##. #


You could see Edmund, Menkaure and an orc.

Vanquished Creatures
  A water moccasin (D:3)
  An ogre (D:3)
  A howler monkey (D:4)
  2 orc wizards
  A worker ant (D:3)
  An adder (D:3)
  2 worms
  A dart slug (D:1)
  4 leopard geckos
  8 orcs
  3 bats
  4 giant cockroaches
  14 goblins
  9 hobgoblins
  4 jackals (D:3)
  3 quokkas
  2 frilled lizards (D:2)
  6 kobolds
  7 rats
74 creatures vanquished.

Notes
Turn   | Place    | Note
-------+----------+-------------------------------------------
     0 | D:1      | Alfie the Hill Orc Fighter began the quest for the Orb.
     0 | D:1      | Reached XP level 1. HP: 19/19 MP: 1/1
   107 | D:1      | Reached XP level 2. HP: 17/27 MP: 2/2
   256 | D:1      | Found a sparkling altar of Nemelex Xobeh.
   554 | D:1      | Reached XP level 3. HP: 33/33 MP: 3/3
  1633 | D:3      | Reached skill level 4 in Shields
  1633 | D:3      | Reached XP level 4. HP: 32/41 MP: 4/4
  1688 | D:3      | HP: 2/41 [poisoned by an orc wizard]
  1931 | D:3      | Noticed a water moccasin
  1949 | D:3      | Killed a water moccasin
  1949 | D:3      | Reached skill level 1 in Dodging
  1949 | D:3      | Reached XP level 5. HP: 19/47 MP: 5/5
  2133 | D:3      | Reached XP level 6. HP: 34/53 MP: 6/6
  2154 | D:3      | Reached skill level 5 in Shields
  2323 | D:4      | Noticed a phantom
  2409 | D:4      | Noticed Eustachio
  2461 | D:4      | Noticed Edmund
  2490 | D:4      | Noticed Menkaure
  2504 | D:4      | Killed from afar by Menkaure

Skill      XL: |  1  2  3  4  5  6 |
---------------+-------------------+-----
Fighting       | 4 |  4.9
Armour         | 4 |  4.6
Shields        | 4 5 |  5.1
Dodging        | 1 |  1.9
Short Blades   | 3 |  3.5

Action                   |  1- 3 |  4- 6 || total
-------------------------+-------+-------++-------
Melee: Rapier            |   135 |   196 ||   331
  Use: Scroll            |     7 |     2 ||     9
       Potion            |       |     6 ||     6
  Eat: Bread ration      |     1 |       ||     1
       Meat ration       |       |     1 ||     1
Armor: Scale mail        |    40 |    89 ||   129
Dodge: Dodged            |    30 |    57 ||    87
Block: Shield            |    87 |   157 ||   244
       Reflection        |     1 |     1 ||     2
